 Dungeon Crawl Stone Soup version 0.22-a0-877-g5c4e1af (webtiles) character file.

4236 prawnwizard the Carver (level 10, -5/79 HPs)
             Began as a Demonspawn Gladiator on July 29, 2018.
             Was a Follower of Qazlal.
             Slain by a death yak (15 damage)
             ... on level 8 of the Dungeon.
             The game lasted 00:15:03 (7444 turns).

prawnwizard the Carver (Demonspawn Gladiator)       Turns: 7444, Time: 00:15:04

Health: -5/79      AC: 12    Str: 18    XL:     10   Next: 9%
Magic:  0/10       EV: 12    Int: 10    God:    Qazlal [*.....]
Gold:   377        SH:  2    Dex: 14    Spells: 9/9 levels left

rFire    . . .     SeeInvis +   a - +0 long sword
rCold    . . .     Gourm    .   (no shield)
rNeg     . . .     Faith    .   D - +0 chain mail
rPois    .         Spirit   +   F - +2 helmet
rElec    .         Reflect  .   C - scarf {repulsion}
rCorr    .         Harm     .   B - +0 pair of gloves
MR       .....                  (no boots)
Stlth    ..........             p - amulet of regeneration
HPRegen  0.63/turn              o - ring of see invisible
MPRegen  0.12/turn              (no ring)

@: repel missiles
A: hooves 2, magic shield, sturdy frame 2
a: Renounce Religion


You were on level 8 of the Dungeon.
You worshipped Qazlal.
Qazlal was aware of your devotion.
You were hungry.

You visited 2 branches of the dungeon, and saw 9 of its levels.

You collected 377 gold pieces.

Inventory:

Hand Weapons
 a - a +0 long sword (weapon)
Missiles
 d - 3 throwing nets (quivered)
Armour
 B - a +0 pair of gloves (worn)
 C - a scarf of repulsion (worn)
 D - a +0 chain mail (worn)
 F - a +2 helmet (worn)
Jewellery
 o - a ring of see invisible (left hand)
 p - an amulet of regeneration (around neck)
Wands
 j - a wand of clouds (3)
 z - a wand of iceblast (9)
Scrolls
 e - 8 scrolls of identify {unknown}
 k - a scroll of enchant armour
 m - 7 scrolls of remove curse
 q - 2 scrolls of enchant weapon {unknown}
 v - 7 scrolls of teleportation
 y - a scroll of amnesia {unknown}
 A - 3 scrolls of fog {unknown}
 E - a scroll of immolation {unknown}
 G - a scroll of magic mapping {unknown}
Potions
 b - a potion of berserk rage {unknown}
 c - a potion of flight {unknown}
 g - a potion of resistance {unknown}
 h - a potion of ambrosia {unknown}
 i - 2 potions of invisibility {unknown}
 l - a potion of heal wounds {unknown}
 n - a potion of might {unknown}
 r - a potion of mutation {unknown}
 t - a potion of cancellation {unknown}
 u - a potion of agility {unknown}
 w - a potion of curing
 x - a potion of haste {unknown}
Comestibles
 f - 14 rations


   Skills:
 + Level 7.6 Fighting
 * Level 9.9 Long Blades
 - Level 1.7 Throwing
 + Level 7.3 Dodging


You had 9 spell levels left.
You didn't know any spells.
Your spell library contained the following spells:

 Spells                   Type           Power        Failure   Level  Hunger
 Spider Form              Tmut/Pois      #.........   99%         3    ####...
 Blade Hands              Tmut           #.........   100%        5    ######.
 Ice Form                 Ice/Tmut       #.......     100%        4    #####..
 Sticks to Snakes         Tmut           #.......     94%         2    ###....
 Beastly Appendage        Tmut           #.....       86%         1    ##.....


Dungeon Overview and Level Annotations

Branches:
Dungeon (8/15)             Temple (1/1) D:5            Lair (0/6) D:8

Altars:
Ashenzari
Cheibriados
Dithmenos
Elyvilon
Fedhas
Gozag
Hepliaklqana
Kikubaaqudgha
Makhleb
Nemelex Xobeh
Okawaru
Qazlal
Ru
Sif Muna
Trog
Uskayaw
Vehumet
Wu Jian
Xom
Yredelemnul
Zin
The Shining One

Shops:
D:4 (


Innate Abilities, Weirdness & Mutations

You have hoof-like feet.
When hurt, damage is shared between your health and your magic reserves.
Your movements are less encumbered by armour. (ER -4)


Message History

You kick the death yak, but do no damage.
The death yak is severely wounded.
The death yak completely misses you.
You hit the death yak.
The death yak is severely wounded.
The death yak gores you!!
* * * LOW HITPOINT WARNING * * *
You hit the death yak but do no damage.
The death yak is severely wounded.
The death yak gores you but does no damage.
You hit the death yak but do no damage.
The death yak is severely wounded.
The death yak gores you but does no damage.
You slash the death yak!
The death yak is almost dead.
The death yak barely misses you.
You hit the death yak but do no damage.
The death yak is almost dead.
The death yak gores you!
You die...

..........###.##.##.# ##'##
##.#.######.......#.# ##...##
#...# #.#.#.....# ##.....## ##..#
#.#.#...#.# ##.......##
##...######.#...<...###)........#
..>...................'.........+
##...######.........###.........#
##..# ####.Y#.#.# ##.......##
##.# #..@...# ##.....## .#.
#.###### ##...## # ## #.# ##'##
#.# ####.## #.#########.....#
#.........#.....####
#######.............
#...#......### #####.....##


You could see a death yak.

Vanquished Creatures
  A death yak (D:8)
  A hippogriff (D:8)
  A porcupine (D:8)
  3 sky beasts
  2 black bears
  2 orc warriors
  A phantom (D:7)
  5 ogres
  2 centaurs (D:5)
  A big kobold (D:7)
  A bullfrog (D:8)
  A gnoll sergeant (D:5)
  8 scorpions
  5 killer bees (D:7)
  2 electric eels (D:6)
  2 howler monkeys
  2 crimson imps
  6 hounds
  A centaur skeleton (D:4)
  3 orc wizards
  A jelly (D:6)
  An iguana (D:5)
  7 worker ants
  A hound zombie (D:7)
  A hound skeleton (D:6)
  14 gnolls
  11 adders
  4 river rats
  4 oozes
  An adder skeleton (D:4)
  An adder zombie (D:5)
  A dart slug (D:2)
  5 worms
  6 leopard geckos
  27 orcs
  5 giant cockroaches
  11 goblins
  15 hobgoblins
  10 jackals
  3 quokkas (D:3)
  2 ball pythons
  11 bats
  4 frilled lizards
  14 kobolds
  A leopard gecko skeleton (D:5)
  2 quokka zombies
  6 rats
219 creatures vanquished.

Vanquished Creatures (others)
  An orc (D:6)
  8 fungi (D:5)
9 creatures vanquished.

Grand Total: 228 creatures vanquished

Notes
Turn   | Place    | Note
-------+----------+-------------------------------------------
     0 | D:1      | prawnwizard the Demonspawn Gladiator began the quest for the Orb.
     0 | D:1      | Reached XP level 1. HP: 16/16 MP: 1/1
    54 | D:1      | Reached skill level 3 in Long Blades
    54 | D:1      | Gained mutation: When hurt, damage is shared between your health and your magic reserves. [demonic ancestry]
    54 | D:1      | Reached XP level 2. HP: 11/22 MP: 2/2
   507 | D:1      | Gained mutation: You have large cloven feet. [demonic ancestry]
   507 | D:1      | Reached XP level 3. HP: 20/28 MP: 3/3
   954 | D:2      | Found a white marble altar of Elyvilon.
  1293 | D:2      | Reached XP level 4. HP: 33/34 MP: 2/4
  1723 | D:3      | Reached skill level 4 in Long Blades
  1728 | D:3      | Gained mutation: Your movements are slightly less encumbered by armour. (ER -2) [demonic ancestry]
  1728 | D:3      | Reached XP level 5. HP: 24/41 MP: 2/5
  2169 | D:3      | Found an ornate altar of the Wu Jian Council.
  2538 | D:4      | Noticed an ogre
  2550 | D:4      | Killed an ogre
  2550 | D:4      | Reached XP level 6. HP: 21/47 MP: 2/6
  2553 | D:4      | Reached skill level 5 in Long Blades
  2616 | D:4      | HP: 2/48 [gnoll/halberd (6)]
  3108 | D:4      | Found Gumeomod's Antique Weapon Emporium.
  3292 | D:5      | Entered Level 5 of the Dungeon
  3441 | D:5      | Gained mutation: You have hoof-like feet. [demonic ancestry]
  3441 | D:5      | Reached XP level 7. HP: 51/54 MP: 5/7
  3621 | D:5      | Reached skill level 6 in Long Blades
  3875 | D:5      | Reached skill level 5 in Fighting
  3875 | D:5      | Reached skill level 5 in Dodging
  3875 | D:5      | Reached XP level 8. HP: 48/62 MP: 5/8
  4078 | D:5      | Reached skill level 7 in Long Blades
  4428 | D:5      | Found an ornate altar of the Wu Jian Council.
  4466 | D:5      | Found a staircase to the Ecumenical Temple.
  4490 | Temple   | Entered the Ecumenical Temple
  4679 | Temple   | Became a worshipper of Qazlal Stormbringer
  4727 | D:5      | Found a snail-covered altar of Cheibriados.
  5078 | D:6      | Reached skill level 8 in Long Blades
  5660 | D:6      | Gained mutation: Your movements are less encumbered by armour. (ER -4) [demonic ancestry]
  5660 | D:6      | Reached XP level 9. HP: 68/69 MP: 9/9
  6006 | D:7      | Reached * piety under Qazlal
  6056 | D:7      | HP: 3/71 [poisoned by a killer bee]
  6061 | D:7      | HP: 2/71 [poisoned by a killer bee]
  6067 | D:7      | HP: 2/71 [poisoned by a killer bee]
  6072 | D:7      | HP: 3/71 [poisoned by a killer bee]
  6284 | D:7      | Found a hide-covered altar of Uskayaw.
  6288 | D:7      | Found a sacrificial altar of Ru.
  6306 | D:7      | Found a basalt altar of Yredelemnul.
  6306 | D:7      | Found an iron altar of Okawaru.
  6306 | D:7      | Found an ancient bone altar of Kikubaaqudgha.
  6478 | D:7      | Reached skill level 9 in Long Blades
  6734 | D:7      | Found an opulent altar of Gozag.
  6734 | D:7      | Found a shadowy altar of Dithmenos.
  6934 | D:8      | Found a staircase to the Lair.
  6934 | D:8      | Noticed a death yak
  6934 | D:8      | Noticed a death yak
  6943 | D:8      | Noticed a death yak
  6953 | D:8      | Killed a death yak
  6970 | D:7      | Reached XP level 10. HP: 43/79 MP: 4/10
  7388 | D:8      | Found a sacrificial altar of Ru.
  7444 | D:8      | Slain by a death yak

Vault maps used:
D:1:      dpeg_arrival_more_subterranean_lakeside_camping
D:2:      elyvilon_altar_3
D:3:      cheibrodos_greedy_goblins, lemuel_coloured_pillars_altar
D:4:      first_ration, serial_shops,
          nicolae_shop_temple_entry_statues_fountains
D:5:      old_forge, kennysheep_mini_moat, minmay_temple_entry_hall,
          serial_glass, glass_columns_c, glass_columns_a, basic_altar
D:6:      serial_bayou_lagoon_b
D:7:      statuecave_lemuel, grunt_temple_overflow_open,
          gammafunk_temple_overflow_pools, grunt_ogre_cave
D:8:      dpeg_lair_monsters, solitary_fountain, lemuel_tele_altar
Temple:   minmay_temple_bridge_abc

Skill      XL: |  1  2  3  4  5  6  7  8  9 |
---------------+----------------------------+-----
Long Blades    | 3 4 5 6 8 9 |  9.9
Dodging        | 3 4 5 6 7 |  7.3
Fighting       | 3 4 5 6 7 |  7.6
Throwing       | |  1.7

Action                   |  1- 3 |  4- 6 |  7- 9 | 10-12 || total
-------------------------+-------+-------+-------+-------++-------
Melee: Long sword        |   122 |   214 |   426 |    63 ||   825
       Kick              |    17 |    80 |   156 |    31 ||   284
  Use: Scroll            |       |     4 |       |       ||     4
  Eat: Chunk             |     2 |     6 |    13 |     1 ||    22
Armor: Leather armour    |    20 |       |       |       ||    20
       Ring mail         |    36 |    77 |    65 |       ||   178
       Chain mail        |       |       |   138 |    24 ||   162
Dodge: Dodged            |    95 |   160 |   323 |    21 ||   599
       Deflected         |       |       |     3 |       ||     3
Block: Other             |       |       |     3 |     5 ||     8
       Rpst.: Long sword |    35 |    57 |    83 |    10 ||   185

Table legend:
 A = Spawn XP
 B = Non-spawn XP
 C = Spawn XP percentage of total XP
 D = Spawn monster count
 E = Non-spawn monster count
 F = Spawn count percentage of total count
 G = Total turns spent on level
                    A         B        C        D         E        F      G
               +---------+---------+-------+---------+---------+-------+---------
         Total |       0 |    6052 |   0.0 |       0 |     219 |   0.0 |  7444
               +---------+---------+-------+---------+---------+-------+---------
           D:1 |       0 |      51 |   0.0 |       0 |      25 |   0.0 |   934
           D:2 |       0 |      54 |   0.0 |       0 |      15 |   0.0 |   608
           D:3 |       0 |     205 |   0.0 |       0 |      57 |   0.0 |  1116
           D:4 |       0 |     717 |   0.0 |       0 |      23 |   0.0 |  1049
           D:5 |       0 |    1193 |   0.0 |       0 |      41 |   0.0 |   918
           D:6 |       0 |     849 |   0.0 |       0 |      24 |   0.0 |  1059
           D:7 |       0 |    1390 |   0.0 |       0 |      24 |   0.0 |  1310
           D:8 |       0 |    1593 |   0.0 |       0 |      10 |   0.0 |   238
               +---------+---------+-------+---------+---------+-------+---------
